 Dungeon Crawl Stone Soup version 0.31-a0-716-gc7603755dd (webtiles) character file.

Game seed: 6761258427922238285

17437 arthad the Grappler (level 12, -7/118 HPs)
             Began as a Troll Shapeshifter on Sept 10, 2023.
             Was an Initiate of Gozag.
             Mangled by a yak (16 damage)
             ... on level 11 of the Dungeon.
             The game lasted 00:22:15 (9877 turns).

arthad the Grappler (Troll Shapeshifter)            Turns: 9877, Time: 00:22:16

Health: -7/118     AC:  5    Str: 39    XL:     12   Next: 18%
Magic:  11/11      EV: 11    Int:  5    God:    Gozag
Gold:   2677       SH:  0    Dex:  8    Spells: 11/11 levels left

rFire   + .          .
                       - Unarmed
rCold   . . .        (no shield)
rNeg    . . .        P - +1 robe "Wunai" {SInv}
rPois   .            (helmet currently unavailable)
rElec   .            (cloak currently unavailable)
rCorr   .            (gloves unavailable)
SInv    +            (boots unavailable)
Will    .....        l - amulet of regeneration
Stlth   ++           i - +6 ring of strength
HPRegen 1.99/turn    y - ring of protection from fire
MPRegen 0.12/turn

%: no passive effects
@: beast-form, gold aura
A: beast (slay +4), large, unfitting armour, claws 3, regeneration 1, shaggy fur
1, tough skin 1, strong 1, inability to drink after injury 1
a: Begin Untransformation, Renounce Religion, Potion Petition, Call Merchant,
Bribe Branch


You were on level 11 of the Dungeon.
You worshipped Gozag.
Gozag was most pleased with you.
You were a hulking beast.
You visited 2 branches of the dungeon, and saw 12 of its levels.
You also visited: Ossuary.

You collected 3081 gold pieces.
You spent 316 gold pieces at shops.
You paid 88 gold pieces to Gozag.

Inventory:

Hand Weapons
 z - a +0 lajatang
Missiles
 a - 5 javelins
 v - 3 throwing nets
 E - 55 poisoned darts (quivered)
 S - 2 curare-tipped darts
 W - 11 boomerangs
Armour
 u - an orb of energy
 C - an orb of wrath
 J - a +1 cloak of poison resistance
 P - the +1 robe "Wunai" (worn) {SInv}
   (You bought it in a shop on level 2 of the Dungeon)

   SInv:      It lets you see invisible.
 Q - a +1 robe of willpower
Magical Staves
 r - a staff of conjuration
Jewellery
 f - an amulet of guardian spirit
 g - a ring of ice
 i - a +6 ring of strength (left claw)
 l - an amulet of regeneration (around neck)
 m - an amulet of magic regeneration
 t - a ring of see invisible
 y - a ring of protection from fire (right claw)
 B - a ring of flight
 K - a ring of poison resistance
 V - a ring of resist corrosion
Talismans
 c - a beast talisman (active)
 d - a flux talisman
 T - a maw talisman
Wands
 e - a wand of flame (15)
 n - a wand of paralysis (6)
 s - a wand of iceblast (4)
 L - a wand of quicksilver (2)
 N - a wand of digging (9)
Scrolls
 h - 4 scrolls of teleportation
 o - 2 scrolls of enchant weapon
 p - 2 scrolls of immolation
 x - 6 scrolls of noise
 A - a scroll of fog
 D - 6 scrolls of blinking
 F - 3 scrolls of enchant armour
 G - 4 scrolls of brand weapon
 O - a scroll of fear {unknown}
 X - a scroll of butterflies {unknown}
 Z - 2 scrolls of identify
Potions
 b - 3 potions of lignification
 j - 2 potions of brilliance
 k - 2 potions of might
 q - 5 potions of curing
 w - 5 potions of mutation
 H - 2 potions of cancellation {unknown}
 I - 3 potions of ambrosia {unknown}
 M - a potion of magic {unknown}
 R - 2 potions of experience {unknown}
 U - a potion of haste {unknown}
 Y - a potion of berserk rage


   Skills:
 * Level 7.1 Fighting
 + Level 2.8 Throwing
 + Level 5.0 Armour
 * Level 7.3 Dodging
 + Level 3.7 Stealth
 * Level 9.1 Unarmed Combat
 + Level 4.1 Evocations
 * Level 8.4 Shapeshifting


You had 11 spell levels left.
You didn't know any spells.
Your spell library contained the following spells:

 Spells                   Type           Power      Damage    Failure   Level
 Apportation              Tloc           0%         N/A       47%         1
 Magic Dart               Conj           0%         1d3       47%         1
 Necrotise                Necr           0%         1d4       47%         1
 Summon Small Mammal      Summ           0%         N/A       47%         1
 Searing Ray              Conj           0%         2d4       63%         2
 Vampiric Draining        Necr           0%         2d6       85%         3
 Fulminant Prism          Conj/Hex       0%         3d5       99%         4
 Agony                    Necr           0%         N/A       100%        5


Dungeon Overview and Level Annotations

Branches:
Dungeon (11/15)            Temple (1/1) D:5            Lair (0/5) D:9
Ossuary (visited)
    Orc: D:9-12

Altars:
Ashenzari
Cheibriados
Dithmenos
Elyvilon
Fedhas
Gozag
Hepliaklqana
Kikubaaqudgha
Makhleb
Nemelex Xobeh
Okawaru
Qazlal
Ru
Sif Muna
Trog
Uskayaw
Vehumet
Wu Jian
Xom
Yredelemnul
Zin
The Shining One

Shops:
D:2 [=(

Annotations:
D:11 1 runed translucent door, zazu2006's ghost, journeyman GnWn


Innate Abilities, Weirdness & Mutations

You are a hulking beast.
Your limbs bulge with bestial killing power. (Slay +4)
You are too large for most types of armour.
You have claws for hands.
Your natural rate of healing is unusually fast.
You are covered in fur. (AC +1)
You have tough skin. (AC +1)
Your muscles are strong. (Str +4, Int/Dex -1)
You occasionally lose the ability to drink potions when taking damage.


Message History

The yak barely misses you. The yak closely misses you.
You claw the yak!
The yak is severely wounded.
You barely miss the yak.
The yak is severely wounded.
The yak completely misses you.
The electric eel shoots out a bolt of lightning at you!
The bolt of electricity hits you! The yak misses you.
You barely miss the yak.
The yak is severely wounded.
The yak gores you!
The electric eel shoots out a bolt of lightning at you!
The bolt of electricity hits you! The yak gores you.
You completely miss the yak. You claw the yak.
The yak is almost dead.
The yak gores you!
The electric eel shoots out a bolt of lightning at you!
The bolt of electricity hits you! The yak gores you!
You are too injured to fight recklessly!
You claw the electric eel!
The electric eel is severely wounded.
The yak barely misses you.
The electric eel shoots out a bolt of lightning at you!
The bolt of electricity hits you! The yak gores you.
* * * LOW HITPOINT WARNING * * *
You mangle the electric eel!!
You kill the electric eel!
You hear a splash.
The yak gores you!
* * * LOW HITPOINT WARNING * * *
The yak closely misses you.
You barely miss the yak.
The yak is almost dead.
You completely miss the yak.
The yak is almost dead.
The yak gores you!
* * * LOW HITPOINT WARNING * * *
The yak gores you!
You die...
Your body crumbles into a pile of gold.

~# ##.#.# ~~## #...##
..~...... ~~~~#
##...####~~~....~
~~~~~##
##..^##~~~~...~.
~~~~~~####.#.#
~~~~...~~
~~~~~~....####
~~~~.....
##~~~#.#..#≈##
#~~~.....
##~##.#.##≈≈≈##Y$~.....
## #.#.####≈≈#hY#.....
#####.#.#..#≈≈#........
+.......#.#.≈≈..##.....
.#####.###...≈≈~## #..#
..........~~.~~~.# ..
.......###..~~≈..### .
.............~..~..#
##+###.##....~~.~..#
#.##....~~.~..#


You could see 2 yaks.

Vanquished Creatures
  Fannar (D:11)
  2 two-headed ogres
  A boulder beetle (D:11)
  Pikel (D:7)
  Maurice (D:8)
  Joseph (D:7)
  Jeremiah (D:7)
  5 kobold demonologists
  A komodo dragon (D:10)
  Psyche (D:9)
  2 trolls
  2 hornets
  Grinder (D:3)
  Prince Ribbit (D:8)
  A wraith (D:8)
  A shadow (D:8)
  21 yaks
  Grum (D:8)
  4 wyverns (D:9)
  3 steam dragons
  A basilisk (D:9)
  8 water moccasins
  3 acid dragons
  5 orc warriors
  2 sky beasts
  2 ice beasts (D:6)
  An ogre (D:10)
  4 wolves
  A centaur (D:9)
  A phantom (D:5)
  A lemure (D:7)
  8 kobold brigands
  5 bullfrogs
  3 scorpions
  A gnoll sergeant (D:11)
  9 wights
  10 killer bees
  2 electric eels (D:11)
  A howler monkey (D:5)
  3 centaur zombies (Ossuary)
  6 hounds
  A jelly (D:7)
  5 orc priests
  A human zombie (Ossuary)
  Crazy Yiuf (D:7)
  3 gnoll boudas
  Ijyb (D:3)
  4 iguanas
  9 orc wizards
  5 mummies (Ossuary)
  8 adders
  19 gnolls
  3 white imps
  An ufetubus (D:6)
  3 worms
  6 dart slugs
  56 orcs
  11 endoplasms
  5 giant cockroaches
  10 goblins
  6 hobgoblins
  4 jackals (D:3)
  2 quokkas (D:1)
  5 ball pythons
  5 bats
  2 frilled lizards
  2 goblin zombies
  33 kobolds
  2 kobold zombies (Ossuary)
  An orc zombie (Ossuary)
  A quokka zombie (D:5)
  5 rats
349 creatures vanquished.

Notes
Turn   | Place    | Note
-------+----------+-------------------------------------------
     0 | D:1      | arthad the Troll Shapeshifter began the quest for the Orb.
     0 | D:1      | Reached XP level 1. HP: 18/18 MP: 0/0
   120 | D:1      | Reached skill level 1 in Fighting
   129 | D:1      | Reached XP level 2. HP: 27/27 MP: 1/1
   326 | D:1      | Reached XP level 3. HP: 33/33 MP: 2/2
   608 | D:2      | Reached XP level 4. HP: 41/41 MP: 1/3
   648 | D:2      | Found Fuostrot's Weapon Shop.
   711 | D:2      | Found Hetap's Jewellery Boutique.
   774 | D:2      | Reached skill level 1 in Armour
  1175 | D:2      | Found Zamp's Antique Armour Emporium.
  1236 | D:3      | Reached XP level 5. HP: 49/49 MP: 4/4
  1566 | D:3      | Noticed Ijyb
  1574 | D:3      | Paralysed by Ijyb for 3 turns
  1578 | D:3      | Killed Ijyb
  1727 | D:3      | Found a sacrificial altar of Ru.
  1815 | D:3      | Found a shimmering blue altar of Sif Muna.
  1848 | D:3      | Noticed Grinder
  1859 | D:3      | Killed Grinder
  1860 | D:3      | Reached skill level 1 in Stealth
  1860 | D:3      | Reached skill level 4 in Unarmed Combat
  1860 | D:3      | Reached XP level 6. HP: 59/59 MP: 5/5
  1956 | D:3      | Found a faded altar of an unknown god.
  2258 | D:4      | Reached XP level 7. HP: 66/66 MP: 6/6
  2929 | D:4      | Found a broken altar of Ashenzari.
  3099 | D:5      | Entered Level 5 of the Dungeon
  3111 | D:5      | Found a radiant altar of Vehumet.
  3159 | D:5      | Found a staircase to the Ecumenical Temple.
  3179 | Temple   | Entered the Ecumenical Temple
  3206 | Temple   | Became a worshipper of Gozag Ym Sagoz the Greedy
  3370 | D:5      | Reached skill level 5 in Unarmed Combat
  3371 | D:5      | Reached XP level 8. HP: 74/75 MP: 7/7
  3442 | D:5      | Reached skill level 1 in Evocations
  3453 | D:5      | Found a sand-covered staircase.
  3504 | Ossuary  | Entered an ossuary
  3802 | D:5      | Reached skill level 5 in Shapeshifting
  4337 | D:6      | Reached XP level 9. HP: 71/84 MP: 8/8
  4347 | D:6      | Gained mutation: You occasionally lose the ability to drink
                  | potions when taking damage. [potion of mutation]
  4347 | D:6      | Gained mutation: Your muscles are strong. (Str +4, Int/Dex
                  | -1) [potion of mutation]
  4352 | D:6      | Reached skill level 6 in Unarmed Combat
  4998 | D:6      | Identified a scroll of acquirement
  4999 | D:6      | Acquired 742 gold pieces
  5111 | D:2      | Bought a runed cloak for 180 gold pieces
  5111 | D:2      | Bought a faintly glowing robe for 136 gold pieces
  5111 | D:2      | Identified the +1 robe "Wunai" {SInv} (You bought it in a
                  | shop on level 2 of the Dungeon)
  5292 | D:7      | Found a blossoming altar of Fedhas.
  5361 | D:7      | Noticed Jeremiah
  5396 | D:7      | Killed Jeremiah
  5438 | D:7      | Reached skill level 5 in Dodging
  5544 | D:7      | Found a snail-covered altar of Cheibriados.
  5628 | D:7      | Reached skill level 5 in Fighting
  5717 | D:7      | Noticed Pikel
  5724 | D:7      | Killed Pikel
  5725 | D:7      | Reached skill level 7 in Unarmed Combat
  5725 | D:7      | Reached XP level 10. HP: 91/96 MP: 9/9
  5879 | D:7      | Noticed Joseph
  5898 | D:7      | Killed Joseph
  6047 | D:7      | Found a runed translucent door.
  6048 | D:7      | Noticed Crazy Yiuf
  6207 | D:7      | Killed Crazy Yiuf
  6308 | D:8      | Noticed a two-headed ogre
  6317 | D:8      | Killed a two-headed ogre
  6475 | D:8      | Noticed Prince Ribbit
  6481 | D:8      | Killed Prince Ribbit
  6567 | D:8      | Noticed Maurice
  6580 | D:8      | Killed Maurice
  7033 | D:9      | Noticed Grum
  7112 | D:8      | Killed Grum
  7142 | D:9      | Reached skill level 8 in Unarmed Combat
  7169 | D:9      | Reached XP level 11. HP: 91/105 MP: 10/10
  7192 | D:10     | Entered Level 10 of the Dungeon
  7278 | D:9      | Reached skill level 1 in Throwing
  7291 | D:9      | Found a staircase to the Lair.
  7585 | D:9      | Noticed Psyche
  7590 | D:9      | Killed Psyche
  7879 | D:9      | Found a hazy altar of Hepliaklqana.
  7910 | D:9      | Found a glowing silver altar of Zin.
  8305 | D:10     | Found an ornate altar of the Wu Jian Council.
  8863 | D:10     | Noticed a two-headed ogre
  8870 | D:10     | Killed a two-headed ogre
  9416 | D:11     | Noticed Fannar
  9439 | D:11     | Reached XP level 12. HP: 118/118 MP: 11/11
  9443 | D:11     | Killed Fannar
  9444 | D:11     | Reached skill level 5 in Armour
  9444 | D:11     | Reached skill level 9 in Unarmed Combat
  9631 | D:11     | Found a runed translucent door.
  9646 | D:11     | Noticed a boulder beetle
  9661 | D:11     | Killed a boulder beetle
  9744 | D:11     | Noticed a seven-headed hydra
  9746 | D:11     | Noticed zazu2006's ghost (journeyman GnWn)
  9877 | D:11     | Mangled by a yak

Illustrated notes

Levels and vault maps discovered:
D:1:      minmay_arrival_semitransparent, layout_basic
D:2:      layout_basic, serial_shops, shop_statue, shop, shop
D:3:      layout_basic, hangedman_ru_absence, led_sif_pool,
          dilly_ecumenical_altar_fadedgnrine, amcnicky_mini_corridor_feature,
          nicolae_figureground_sparkle, uniq_grinder, uniq_ijyb
D:4:      layout_cave_pods, ashenzari_altar_1, nrook_loot_triangle,
          roderic_roman_lattice, abandoned_shop, kennysheep_boxes
D:5:      layout_cave_pools, mainiacjoe_overflow_small_starburst,
          minmay_temple_entry_gardened_gates, enter_ossuary_4
D:6:      layout_basic, serial_park_tiny_1, minmay_fractal_squares_5
D:7:      layout_loops_ring, kennysheep_slug_shrine, fedhas_altar_fruit_tree,
          uniq_crazy_yiuf_cottage, uniq_jeremiah, uniq_joseph, uniq_pikel
D:8:      layout_rooms, nicolae_figureground_pulse, uniq_prince_ribbit1,
          uniq_maurice
D:9:      layout_long_grid, mainiacjoe_overflow_swirl, minmay_lair_entry_grove,
          uniq_psyche, uniq_grum
D:10:     hellmonk_ruined_rings, layout_loops_ring, amcnicky_altar_gilded,
          special_room [special_room_orc]
D:11:     layout_basic, ebering_ghost_inner_flame, hangedman_decor_growths,
          chequers_serial_rivers_small_3, uniq_fannar
Temple:   oiseaux_autumnal_temple

Skill      XL: |  1  2  3  4  5  6  7  8  9 10 11 12 |
---------------+-------------------------------------+-----
Fighting       | 1 2 3 4 5 6 7 |  7.1
Dodging        | 2 3 4 5 6 7 |  7.3
Armour         | 1 2 3 4 5 |  5.0
Stealth        | 1 2 3 |  3.7
Unarmed Combat | 4 5 7 8 9 |  9.1
Shapeshifting  | 4 5 6 7 8 |  8.4
Evocations     | 1 2 3 4 |  4.1
Throwing       | 2 |  2.8

Action                     |  1- 3 |  4- 6 |  7- 9 | 10-12 || total
---------------------------+-------+-------+-------+-------++-------
  Melee: Unarmed           |    58 |   140 |   278 |   447 ||   923
         Punch             |     1 |     1 |     9 |    18 ||    29
  Throw: Dart              |       |       |       |    39 ||    39
  Evoke: Wand              |       |     2 |       |     4 ||     6
    Use: Scroll            |       |       |    14 |     2 ||    16
         Potion            |       |       |     4 |     4 ||     8
   Stab: Sleeping          |     2 |       |     2 |       ||     4
         Paralysed         |       |     5 |       |       ||     5
         Distracted        |       |       |     2 |     3 ||     5
 Armour: Animal skin       |    20 |    72 |   151 |       ||   243
         Robe              |       |       |    65 |   394 ||   459
  Dodge: Dodged            |    20 |    46 |   181 |   251 ||   498

Table legend: (Time is in decaauts)
 A = Elapsed time spent in this place.
 B = Non-inter-level travel time spent in this place.
 C = Inter-level travel time spent in this place.
 D = Time resting spent in this place.
 E = Time spent auto-exploring this place.
 F = Levels seen in this place.
 G = Mean time per level.
                   A        B        C        D        E       F      G
               +--------+--------+--------+--------+--------+-----+--------+
         Total |   9807 |   9230 |    577 |    335 |   6674 |  13 |  754.4 |
       Dungeon |   9480 |   8956 |    524 |    335 |   6517 |  11 |  861.8 |
        Temple |     55 |      2 |     53 |      0 |      0 |   1 |   55.0 |
       Ossuary |    271 |    271 |      0 |      0 |    157 |   1 |  271.0 |
               +--------+--------+--------+--------+--------+-----+--------+

Top non-repeatable levels by time:
     D:7: 1120 daAuts
    D:10: 1117 daAuts
     D:9: 1099 daAuts
     D:3: 1027 daAuts
     D:6: 982 daAuts
     D:4: 938 daAuts
     D:8: 802 daAuts
     D:2: 668 daAuts
     D:5: 665 daAuts
     D:1: 581 daAuts
    D:11: 477 daAuts
 Ossuary: 271 daAuts
  Temple: 55 daAuts
